 Dungeon Crawl Stone Soup version 0.28-a0-932-g843f935a50 (webtiles) character file.

Game seed: 4954010405863827203

369 miscthings the Charlatan (level 6, -3/47 HPs)
             Began as a Gnoll Artificer on Nov 28, 2021.
             Succumbed to Sigmund's poison
             ... on level 3 of the Dungeon.
             The game lasted 00:08:24 (3956 turns).

miscthings the Charlatan (Gnoll Artificer)          Turns: 3956, Time: 00:08:24

Health: -3/47      AC:  4    Str: 14    XL:     6   Next: 70%
Magic:  9/9        EV: 12    Int: 10    God:
Gold:   89         SH:  0    Dex: 12    Spells: 9/9 levels left

rFire   . . .      SeeInvis .   n - +3 quarterstaff (chaos)
rCold   . . .      Faith    .   (shield currently unavailable)
rNeg    . . .      Spirit   .   b - +0 leather armour
rPois   .          Reflect  .   (no helmet)
rElec   .          Harm     .   o - +0 cloak
rCorr   .          Rampage  .   (no gloves)
Will    .....                   (no boots)
Stlth   ++........              (no amulet)
HPRegen 0.15/turn               (no ring)
MPRegen 0.11/turn               (no ring)

@: lethally poisoned (-3 -> -45)
A: fangs 1, strong nose, distributed training
a: no special abilities


You were on level 3 of the Dungeon.
You visited 1 branch of the dungeon, and saw 3 of its levels.

You collected 125 gold pieces.
You spent 36 gold pieces at shops.

Inventory:

Hand Weapons
 n - a +3 quarterstaff of chaos (weapon)
Armour
 b - a +0 leather armour (worn)
 o - a +0 cloak (worn)
Magical Staves
 i - a staff of death
 m - a staff of fire
Wands
 c - a wand of flame (8) (quivered)
 d - a wand of charming (12)
Scrolls
 a - a scroll of immolation {unknown}
 f - 4 scrolls of identify {unknown}
 h - a scroll of fog {unknown}
 j - a scroll of enchant weapon {unknown}
 p - 3 scrolls of teleportation
Potions
 g - 2 potions of ambrosia
 k - a potion of curing {unknown}
 l - a potion of degeneration {unknown}
Miscellaneous
 e - a piece from Xom's chessboard (14/15)


   Skills:
 + Level 3.3 Fighting
 + Level 2.1 Short Blades
 + Level 2.1 Long Blades
 + Level 2.1 Axes
 + Level 2.1 Maces & Flails
 + Level 2.1 Polearms
 + Level 2.1 Staves
 + Level 2.1 Slings
 + Level 2.1 Bows
 + Level 2.1 Crossbows
 + Level 2.1 Throwing
 + Level 5.0 Armour
 + Level 3.3 Dodging
 + Level 3.1 Stealth
 + Level 2.1 Shields
 + Level 2.1 Unarmed Combat
 + Level 2.1 Spellcasting
 + Level 1.6 Conjurations
 + Level 1.6 Hexes
 + Level 1.6 Summonings
 + Level 1.6 Necromancy
 + Level 1.6 Translocations
 + Level 1.6 Transmutations
 + Level 1.6 Fire Magic
 + Level 1.6 Ice Magic
 + Level 1.6 Air Magic
 + Level 1.6 Earth Magic
 + Level 1.6 Poison Magic
 + Level 2.3 Invocations
 + Level 6.9 Evocations


You had 9 spell levels left.
You didn't know any spells.
Your spell library was empty.

Dungeon Overview and Level Annotations

Branches:
Dungeon (3/15)

Altars:

Shops:
D:3 ?

Annotations:
D:3 Sigmund


Innate Abilities, Weirdness & Mutations

You have very sharp teeth.
Your uncanny sense of smell can sniff out nearby items.
Your experience applies equally to all skills.


Message History

You kill Jessica!
Natasha claws you.
* * * LOW HITPOINT WARNING * * *
You closely miss Natasha. Natasha barely misses you.
Natasha closely misses you.
You hit Natasha.
Natasha suddenly seems more agile.
Natasha is heavily wounded.
Natasha claws you.
* * * LOW HITPOINT WARNING * * *
Natasha closely misses you.
You sock Natasha! You freeze Natasha.
You kill Natasha!
You feel Natasha's spirit has finally been put to rest.
p - 2 scrolls labelled EGRITEU WERA (gained 1)
Items here: ) [ ††.
Okay, then.
You start resting.
HP restored.
Items here: ) [ ÷÷.
Found Uhapsoeg's Magic Scroll Shoppe.
There is an entrance to Uhapsoeg's Magic Scroll Shoppe here.
p - 3 scrolls of teleportation (gained 1) Thank you for shopping at Uhapsoeg's Magic Scroll Shoppe!
Sigmund shouts!
Sigmund mumbles some strange words.
Sigmund flickers and vanishes!
Deactivating autopickup; reactivate with Ctrl-A.
Aiming: Throw Flame
Press: ? - help, Shift-Dir - straight line The puff of flame hits something.
Something hits you!
You are poisoned.
You feel very sick. Something hits you!
You are lethally poisoned!
You miss something. You bite something.
You feel extremely sick. Something hits you!
* * * LOW HITPOINT WARNING * * *
You are more poisoned.
You die...

......# #..............
..###.###.####...######
..# #.....# #...#
..#####.######...#
.................#
.#############.#.# .#
#.#.######## .########
#....{.....# ........##
###@######.#
####.....#######.#
#.............#
#.....#######.######.
##...#######.........
####..∩...........#.
#.######....##.# #.#
#..#.# # #.# #.##.#


There were no monsters in sight!

Vanquished Creatures
  A phantom (D:3)
  A hound (D:3)
  Crazy Yiuf (D:2)
  Jessica (D:3)
  Natasha (thrice) (D:3)
  4 gnolls (D:3)
  2 adders (D:2)
  A dart slug (D:3)
  2 worms (D:3)
  5 endoplasms
  3 giant cockroaches
  7 goblins
  13 hobgoblins
  2 jackals (D:3)
  3 kobolds
  4 quokkas
  3 ball pythons
  6 bats
  2 frilled lizards
  8 rats
72 creatures vanquished.

Vanquished Creatures (collateral kills)
  A kobold (D:3)
1 creature vanquished.

Vanquished Creatures (others)
  A ball python (D:3)
1 creature vanquished.

Grand Total: 74 creatures vanquished

Notes
Turn   | Place    | Note
-------+----------+-------------------------------------------
     0 | D:1      | miscthings the Gnoll Artificer began the quest for the Orb.
     0 | D:1      | Reached XP level 1. HP: 17/17 MP: 1/1
    11 | D:1      | Noticed a minotaur zombie
    13 | D:1      | Noticed a demonspawn zombie
    17 | D:1      | Noticed a demonspawn zombie
    17 | D:1      | Noticed a merfolk zombie
   271 | D:1      | Reached XP level 2. HP: 10/23 MP: 2/2
   840 | D:1      | Found a faded altar of an unknown god.
  1071 | D:1      | Reached XP level 3. HP: 25/28 MP: 3/3
  1578 | D:2      | Reached skill level 1 in Invocations
  1756 | D:2      | Reached skill level 1 in Short Blades
  1756 | D:2      | Reached skill level 1 in Long Blades
  1756 | D:2      | Reached skill level 1 in Axes
  1756 | D:2      | Reached skill level 1 in Maces & Flails
  1756 | D:2      | Reached skill level 1 in Polearms
  1756 | D:2      | Reached skill level 1 in Staves
  1756 | D:2      | Reached skill level 1 in Slings
  1756 | D:2      | Reached skill level 1 in Bows
  1756 | D:2      | Reached skill level 1 in Crossbows
  1756 | D:2      | Reached skill level 1 in Throwing
  1756 | D:2      | Reached skill level 1 in Shields
  1756 | D:2      | Reached skill level 1 in Unarmed Combat
  1756 | D:2      | Reached skill level 1 in Spellcasting
  1900 | D:2      | Reached XP level 4. HP: 10/34 MP: 5/5
  2500 | D:2      | Found a runed translucent door.
  2501 | D:2      | Noticed Crazy Yiuf
  2698 | D:2      | Killed Crazy Yiuf
  2699 | D:2      | Reached skill level 1 in Conjurations
  2699 | D:2      | Reached skill level 1 in Hexes
  2699 | D:2      | Reached skill level 1 in Summonings
  2699 | D:2      | Reached skill level 1 in Necromancy
  2699 | D:2      | Reached skill level 1 in Translocations
  2699 | D:2      | Reached skill level 1 in Transmutations
  2699 | D:2      | Reached skill level 1 in Fire Magic
  2699 | D:2      | Reached skill level 1 in Ice Magic
  2699 | D:2      | Reached skill level 1 in Air Magic
  2699 | D:2      | Reached skill level 1 in Earth Magic
  2699 | D:2      | Reached skill level 1 in Poison Magic
  2880 | D:3      | Noticed a phantom
  2886 | D:3      | Reached XP level 5. HP: 35/40 MP: 6/6
  2890 | D:3      | Killed a phantom
  3020 | D:3      | Noticed Sigmund
  3020 | D:3      | Noticed Jessica
  3304 | D:3      | Reached XP level 6. HP: 30/47 MP: 8/8
  3433 | D:3      | Noticed Natasha
  3440 | D:3      | Killed Natasha
  3543 | D:3      | Reached skill level 5 in Armour
  3636 | D:3      | Noticed Natasha
  3640 | D:3      | Killed Natasha
  3650 | D:3      | Noticed Natasha
  3653 | D:3      | Killed Jessica
  3656 | D:3      | Killed Natasha
  3936 | D:3      | Found Uhapsoeg's Magic Scroll Shoppe.
  3942 | D:3      | Bought a scroll of teleportation for 36 gold pieces
  3956 | D:3      | Succumbed to Sigmund's poison

Illustrated notes

Levels and vault maps discovered:
D:1:      shiori_arrival_whats_in_store_for_you, layout_basic,
          basic_ecumenical_altar
D:2:      layout_loops_corners, uniq_crazy_yiuf_cottage
D:3:      layout_loops_ring, serial_shops, shop, st_stairs_5, uniq_sigmund,
          uniq_jessica, uniq_natasha

Skill      XL: |  1  2  3  4  5  6 |
---------------+-------------------+-----
Invocations    | 1 2 |  2.3
Short Blades   | 1 2 |  2.1
Long Blades    | 1 2 |  2.1
Axes           | 1 2 |  2.1
Maces & Flails | 1 2 |  2.1
Polearms       | 1 2 |  2.1
Staves         | 1 2 |  2.1
Slings         | 1 2 |  2.1
Bows           | 1 2 |  2.1
Crossbows      | 1 2 |  2.1
Throwing       | 1 2 |  2.1
Shields        | 1 2 |  2.1
Unarmed Combat | 1 2 |  2.1
Spellcasting   | 1 2 |  2.1
Conjurations   | 1 |  1.6
Hexes          | 1 |  1.6
Summonings     | 1 |  1.6
Necromancy     | 1 |  1.6
Translocations | 1 |  1.6
Transmutations | 1 |  1.6
Fire Magic     | 1 |  1.6
Ice Magic      | 1 |  1.6
Air Magic      | 1 |  1.6
Earth Magic    | 1 |  1.6
Poison Magic   | 1 |  1.6
Fighting       | 3 |  3.3
Dodging        | 3 |  3.3
Stealth        | 3 |  3.1
Armour         | 5 |  5.0
Evocations     | |  6.9

Action                   |  1- 3 |  4- 6 || total
-------------------------+-------+-------++-------
Melee: Club              |    91 |       ||    91
       Bite              |    10 |     8 ||    18
       Staff             |    80 |     9 ||    89
       Quarterstaff      |       |    79 ||    79
Evoke: Piece from Xom's  |     2 |     4 ||     6
       Wand              |       |    10 ||    10
  Use: Potion            |       |     2 ||     2
 Stab: Sleeping          |     7 |     1 ||     8
       Distracted        |     1 |       ||     1
Armor: Leather armour    |    50 |    36 ||    86
Dodge: Dodged            |   122 |    72 ||   194

Table legend: (Time is in decaauts)
 A = Elapsed time spent in this place.
 B = Non-inter-level travel time spent in this place.
 C = Inter-level travel time spent in this place.
 D = Time resting spent in this place.
 E = Time spent auto-exploring this place.
 F = Levels seen in this place.
 G = Mean time per level.
                   A        B        C        D        E       F      G
               +--------+--------+--------+--------+--------+-----+--------+
         Total |   4019 |   3806 |    213 |   1385 |   1621 |   3 | 1339.7 |
       Dungeon |   4019 |   3806 |    213 |   1385 |   1621 |   3 | 1339.7 |
               +--------+--------+--------+--------+--------+-----+--------+

Top non-repeatable levels by time:
     D:2: 1907 daAuts
     D:1: 1215 daAuts
     D:3: 897 daAuts
